 Dungeon Crawl Stone Soup version 0.21-a0-229-g3587535 (webtiles) character file.

187 Kidiri the Magician (level 5, -2/28 HPs)
             Began as a Deep Elf Fire Elementalist on Sept 1, 2017.
             Slain by a phantom (5 damage)
             ... on level 4 of the Dungeon.
             The game lasted 00:10:13 (3004 turns).

Kidiri the Magician (Deep Elf Fire Elementalist)    Turns: 3004, Time: 00:10:14

Health: -2/28      AC:  4    Str:  5    XL:     5   Next: 39%
Magic:  4/15       EV: 13    Int: 21    God:
Gold:   101        SH:  0    Dex: 15    Spells: 2/15 levels left

rFire    . . .     SeeInvis .   h - +1 dagger
rCold    . . .     Gourm    +   (no shield)
rNeg     . . .     Faith    .   a - +1 robe
rPois    .         Spirit   .   k - +0 helmet
rElec    .         Reflect  .   e - scarf {repulsion}
rCorr    +         Harm     .   (no gloves)
MR       .....                  (no boots)
Stlth    ++........             n - amulet of the gourmand
HPRegen  0.09/turn              q - ring of resist corrosion
MPRegen  0.14/turn              (no ring)

@: repel missiles
A: no striking features
a: no special abilities


You were on level 4 of the Dungeon.
You were completely stuffed.

You visited 1 branch of the dungeon, and saw 4 of its levels.

You collected 101 gold pieces.

Inventory:

Hand Weapons
 h - a +1 dagger (weapon)
Armour
 a - a +1 robe (worn)
 e - a scarf of repulsion (worn)
 k - a +0 helmet (worn)
Jewellery
 n - an amulet of the gourmand (around neck)
 q - a ring of resist corrosion (left hand)
Scrolls
 f - 7 scrolls of fear
 l - a scroll of teleportation
 s - a scroll of fog {unknown}
Potions
 d - 2 potions of lignification {unknown}
 g - a potion of resistance
 m - 2 potions of curing {unknown}
 o - 3 potions of heal wounds {unknown}
 p - a potion of flight {unknown}
Books
 b - a book of Flames

   Spells                             Type                      Level
   a - Flame Tongue                   Conjuration/Fire             1
   b - Throw Flame                    Conjuration/Fire             2
   c - Conjure Flame                  Conjuration/Fire             3
   d - Inner Flame                    Hexes/Fire                   3
   e - Sticky Flame                   Conjuration/Fire             4
   f - Fireball                       Conjuration/Fire             5
Comestibles
 c - a bread ration
 i - a meat ration
 j - a royal jelly


   Skills:
 - Level 2.4 Dodging
 - Level 2.4 Stealth
 * Level 5.6 Spellcasting
 + Level 2.9 Conjurations
 + Level 4.5 Fire Magic


You had 2 spell levels left.
You knew the following spells:

 Your Spells              Type           Power        Failure   Level  Hunger
a - Flame Tongue          Conj/Fire      ###..        2%          1    None
b - Throw Flame           Conj/Fire      ###...       3%          2    None
c - Conjure Flame         Conj/Fire      ###.....     6%          3    ##.....
d - Inner Flame           Hex/Fire       ###.....     12%         3    ##.....
e - Sticky Flame          Conj/Fire      ###.....     22%         4    ####...


Dungeon Overview and Level Annotations

Branches:
Dungeon (4/15)
 Temple: D:4-7

Altars:
Elyvilon
Hepliaklqana


Message History

Casting: Flame Tongue
Confirm with . or Enter, or press ? or * to list all spells.
Aiming: Flame Tongue
Press: ? - help, Shift-Dir - straight line, f/p - phantom
Aim: a phantom (moderately damaged)
The flame tongue hits the phantom.
The phantom is heavily damaged.
Casting: Flame Tongue
Confirm with . or Enter, or press ? or * to list all spells.
Aiming: Flame Tongue
Press: ? - help, Shift-Dir - straight line, f/p - phantom
Aim: a phantom (heavily damaged)
The flame tongue misses the phantom.
Casting: Flame Tongue
Confirm with . or Enter, or press ? or * to list all spells.
Aiming: Flame Tongue
Press: ? - help, Shift-Dir - straight line, f/p - phantom
Aim: a phantom (heavily damaged)
The flame tongue misses the phantom.
The phantom hits you.
You die...

##.## ##...##
##.....## #
###.......##.
............
#.......#
#W....# #@..#
##<## #†# #.#
#.# #.# #..
###


You could see a phantom.

Vanquished Creatures
  A hound (D:3)
  An iguana (D:4)
  7 adders
  A worm (D:2)
  2 dart slugs (D:1)
  An orc (D:3)
  6 giant cockroaches
  4 goblins
  8 hobgoblins
  7 jackals
  6 kobolds
  A quokka (D:2)
  A ball python (D:1)
  4 bats
  4 frilled lizards
  9 rats
63 creatures vanquished.

Notes
Turn   | Place    | Note
-------+----------+-------------------------------------------
     0 | D:1      | Kidiri the Deep Elf Fire Elementalist began the quest for the Orb.
     0 | D:1      | Reached XP level 1. HP: 10/10 MP: 6/6
   228 | D:1      | Reached XP level 2. HP: 15/15 MP: 5/8
   234 | D:1      | Learned a level 2 spell: Throw Flame
   927 | D:2      | Reached XP level 3. HP: 19/19 MP: 5/10
   932 | D:2      | Learned a level 3 spell: Conjure Flame
   936 | D:2      | Learned a level 3 spell: Inner Flame
  1220 | D:2      | Reached skill level 4 in Spellcasting
  1444 | D:2      | Reached XP level 4. HP: 24/24 MP: 7/12
  2324 | D:3      | Found a hazy altar of Hepliaklqana.
  2360 | D:3      | Reached skill level 5 in Spellcasting
  2535 | D:3      | Reached XP level 5. HP: 28/28 MP: 8/14
  2544 | D:3      | Learned a level 4 spell: Sticky Flame
  2822 | D:3      | Found a white marble altar of Elyvilon.
  2994 | D:4      | Noticed a phantom
  3004 | D:4      | Slain by a phantom

Vault maps used:
D:1:      dpeg_arrival_court
D:2:      serial_bayou, serial_bayou_lagoon_b, serial_bayou_shore_b,
          serial_bayou_lake_a, serial_bayou_pond_d, serial_bayou_pond_a
D:3:      marbit_many_paths, lemuel_doored_altar
D:4:      yredelemnul_altar_generic, first_bread, nicolae_ossuary_entry_ruins,
          cheibrodos_sewer_entry_drain, uniq_eustachio

Skill      XL: |  1  2  3  4 |
---------------+-------------+-----
Conjurations   | 2 |  2.9
Fire Magic     | 4 |  4.5
Spellcasting   | 4 5 |  5.6
Dodging        | |  2.4
Stealth        | |  2.4

Action                   |  1- 3 |  4- 6 || total
-------------------------+-------+-------++-------
Melee: Dagger            |    11 |    10 ||    21
 Cast: Flame Tongue      |    49 |    55 ||   104
       Throw Flame       |     6 |     8 ||    14
       Sticky Flame      |       |     1 ||     1
  Use: Scroll            |     3 |     4 ||     7
 Stab: Sleeping          |     4 |     2 ||     6
  Eat: Chunk             |    18 |     5 ||    23
Armor: Robe              |     3 |     4 ||     7
Dodge: Dodged            |    21 |    41 ||    62
       Deflected         |     1 |     1 ||     2

Table legend:
 A = Spawn XP
 B = Non-spawn XP
 C = Spawn XP percentage of total XP
 D = Spawn monster count
 E = Non-spawn monster count
 F = Spawn count percentage of total count
 G = Total turns spent on level
                    A         B        C        D         E        F      G
               +---------+---------+-------+---------+---------+-------+---------
         Total |      40 |     228 |  14.9 |      10 |      53 |  15.9 |  3004
               +---------+---------+-------+---------+---------+-------+---------
           D:1 |      11 |      31 |  26.2 |       6 |      19 |  24.0 |   980
           D:2 |      27 |      65 |  29.3 |       3 |      17 |  15.0 |  1296
           D:3 |       2 |      96 |   2.0 |       1 |      16 |   5.9 |   718
           D:4 |       0 |      36 |   0.0 |       0 |       1 |   0.0 |    10
               +---------+---------+-------+---------+---------+-------+---------
